 Dungeon Crawl Stone Soup version 0.31-a0-4-gefa6de2278 (webtiles) character file.

Game seed: 12810379604857694412

725 Pimp the Charlatan (level 7, -3/46 HPs)
             Began as a Demonspawn Wanderer on May 3, 2023.
             Slain by Duvessa
             ... wielding a +0 short sword
              (8 damage)
             ... on level 4 of the Dungeon.
             The game lasted 00:13:42 (4352 turns).

Pimp the Charlatan (Demonspawn Wanderer)            Turns: 4352, Time: 00:13:42

Health: -3/46      AC:  8    Str: 12 (13) XL:     7   Next: 43%
Magic:  7/7        EV:  9    Int: 13 (14) God:
Gold:   294        SH: 11    Dex: 14 (17) Spells: 6/6 levels left

rFire   . . .        r - +0 trident
rCold   . . .        h - +3 warlock's mirror {omnireflect}
rNeg    . . .        o - +0 scale mail
rPois   .            (helmet restricted)
rElec   .            (no cloak)
rCorr   .            (no gloves)
SInv    .            (no boots)
Will    .....        p - amulet of reflection
Stlth   +            (no ring)
HPRegen 0.27/turn    (no ring)
MPRegen 0.10/turn

%: reflection
@: lethally poisoned (-3 -> -6), silenced
A: antennae 1, molten scales 1, spiny 2, thin skeletal structure 1, clever 1,
screaming 1
a: no special abilities


You were on level 4 of the Dungeon.
You visited 1 branch of the dungeon, and saw 5 of its levels.

You collected 294 gold pieces.

Inventory:

Hand Weapons
 a - a +0 quarterstaff
 q - a +0 dagger
 r - a +0 trident (weapon)
Missiles
 n - 2 atropa-tipped darts (quivered)
 s - 2 curare-tipped darts
Armour
 c - a +1 helmet
 e - a +0 leather armour
 h - the +3 warlock's mirror (worn) {omnireflect}
   (You acquired it on level 2 of the Dungeon)

   Omnireflect: It can block and reflect piercing ranged attacks and magical
   attacks against the wielder's willpower.
 o - a +0 scale mail (worn)
Jewellery
 i - an amulet of magic regeneration
 j - an amulet of the acrobat
 p - an amulet of reflection (around neck)
Wands
 b - a wand of roots (4)
Scrolls
 l - a scroll of identify
 t - a scroll of magic mapping
Potions
 g - a potion of lignification


   Skills:
 + Level 2.4(3.0) Polearms
 - Level 2.4(3.0) Staves
 + Level 3.3 Armour
 + Level 3.3 Dodging
 + Level 4.0 Stealth
 + Level 5.4 Evocations


You had 6 spell levels left.
You didn't know any spells.
Your spell library contained the following spells:

 Spells                   Type           Power      Damage    Failure   Level
 Freeze                   Ice            0%         1d3       91%         1
 Frozen Ramparts          Ice            0%         1d1       100%        3
 Hailstorm                Conj/Ice       0%         3d3       100%        3
 Inner Flame              Hex/Fire       0%         N/A       100%        3
 Yara's Violent Unravell  Hex/Tmut       0%         3d3       100%        5
 Enfeeble                 Hex            0%         N/A       100%        7
 Chain Lightning          Conj/Air       0%         N/A       100%        9
 Fire Storm               Conj/Fire      0%         5d1       100%        9
 Shatter                  Erth           0%         3d5*      100%        9


Dungeon Overview and Level Annotations

Branches:
Dungeon (5/15)
 Temple: D:4-7

Altars:
Dithmenos
Gozag
Okawaru
Wu Jian

Shops:
D:1 (

Annotations:
D:4 Dowan, Duvessa


Innate Abilities, Weirdness & Mutations

You have a pair of small antennae on your head.
You are partially covered in molten scales. (AC +2)
You are mostly covered in sharp spines.
You have a somewhat thin skeletal structure. (Dex +2, Stealth+)
Your mind is acute. (Int +4, Str/Dex -1)
You occasionally shout uncontrollably at your foes.


Message History

You block Dowan's attack. You block Duvessa's attack.
Dowan is struck by your spines. Dowan hits you but does no damage.
You are more poisoned.
Duvessa is struck by your spines. Duvessa hits you with a +0 short sword.
As you read the scroll of silence, it crumbles to dust.
A profound silence engulfs you.
* * * LOW HITPOINT WARNING * * *
You feel very sick.
Dowan stops glowing.
Dowan hits you with a +0 dagger of venom.
* * * LOW HITPOINT WARNING * * *
You are more poisoned.
Duvessa is struck by your spines. Duvessa hits you but does no damage.
You feel better. Dowan closely misses you. You block Duvessa's attack.
You hit Duvessa but do no damage.
Duvessa is severely wounded.
You block Dowan's attack. Duvessa barely misses you.
You hit Duvessa but do no damage.
Duvessa is severely wounded.
Dowan completely misses you. Duvessa hits you with a +0 short sword.
* * * LOW HITPOINT WARNING * * *
You hit Duvessa but do no damage.
Duvessa is severely wounded.
You block Dowan's attack. You block Duvessa's attack.
You barely miss Duvessa.
Duvessa is severely wounded.
Dowan is struck by your spines. Dowan completely misses you.
Duvessa closely misses you.
You closely miss Duvessa.
Duvessa is severely wounded.
You block Dowan's attack. You block Duvessa's attack.
Dowan hits you but does no damage.
You are poisoned.
Duvessa is struck by your spines. Duvessa hits you with a +0 short sword.
* * * LOW HITPOINT WARNING * * *
You hit Duvessa.
Duvessa is almost dead.
You feel sick. You block Dowan's attack. Duvessa is struck by your spines.
Duvessa hits you with a +0 short sword!
You die...

.....#........#...##....#######..
..†..#........#.........#.....###
.....#........#.........#........
.....#........#.........#..).....
.....#........#.........#........
.....#........#.........#........
.....+........#........<#........
.....#........#.e>###'###........
.....#........#.@e##.............
.....#........#....#.............
.....#........#....+.....###'#...
.....#........'....#.....#...#...
.....#........#....#.....#...#...
.....#........#....#.....#...####
.....#........######.....#....#
.....#.......................##
.....######'##......#+#......##


You could see Duvessa and Dowan.

Vanquished Creatures
  Sigmund (D:3)
  The ghost of Brunhilda the Firebug, an amateur OpFE (D:3)
  2 scorpions (D:4)
  2 hounds (D:4)
  An orc priest (D:3)
  Jessica (D:2)
  2 iguanas (D:4)
  6 adders
  3 gnolls (D:3)
  An ufetubus (D:4)
  2 worms
  4 dart slugs
  5 orcs
  9 ball pythons
  7 endoplasms
  3 giant cockroaches
  10 goblins
  11 hobgoblins
  12 jackals
  8 quokkas
  9 bats
  4 frilled lizards
  8 kobolds
  3 rats
115 creatures vanquished.

Notes
Turn   | Place    | Note
-------+----------+-------------------------------------------
     0 | D:1      | Pimp the Demonspawn Wanderer began the quest for the Orb.
     0 | D:1      | Pimp set off with the following items: a +0 quarterstaff, a
                  | wand of roots (4), a +0 helmet, a scroll of silence, a +0
                  | leather armour.
     0 | D:1      | Reached XP level 1. HP: 13/13 MP: 1/1
    91 | D:1      | Gained mutation: You are partially covered in molten
                  | scales. (AC +2) [demonic ancestry]
    91 | D:1      | Reached XP level 2. HP: 17/19 MP: 2/2
   271 | D:1      | Found Giulu Gajo's Antique Weapon Boutique.
   651 | D:1      | Reached XP level 3. HP: 24/24 MP: 3/3
  1375 | D:2      | Gained mutation: You have a pair of small antennae on your
                  | head. [demonic ancestry]
  1375 | D:2      | Reached XP level 4. HP: 20/30 MP: 4/4
  1389 | D:2      | Identified a scroll of acquirement
  1389 | D:2      | Acquired the +3 warlock's mirror {omnireflect}
  1389 | D:2      | Found the +3 warlock's mirror {omnireflect}
  1498 | D:2      | Noticed Jessica
  1506 | D:2      | Killed Jessica
  2395 | D:3      | Noticed Sigmund
  2398 | D:3      | Gained mutation: You are partially covered in sharp spines.
                  | [demonic ancestry]
  2398 | D:3      | Reached XP level 5. HP: 33/35 MP: 5/5
  2437 | D:3      | Killed Sigmund
  2438 | D:3      | Reached skill level 1 in Polearms
  2438 | D:3      | Reached XP level 6. HP: 20/41 MP: 6/6
  2810 | D:3      | Found a runed translucent gate.
  2811 | D:3      | Found a runed translucent gate.
  2811 | D:3      | Found a runed translucent gate.
  2812 | D:3      | Found an opulent altar of Gozag.
  2814 | D:3      | Noticed Brunhilda's ghost (amateur OpFE)
  2837 | D:3      | Killed Brunhilda's ghost
  2838 | D:3      | Reached skill level 5 in Evocations
  3032 | D:3      | Gained mutation: You occasionally shout uncontrollably at
                  | your foes. [potion of mutation]
  3032 | D:3      | Gained mutation: Your mind is acute. (Int +4, Str/Dex -1)
                  | [potion of mutation]
  3032 | D:3      | Gained mutation: You have a somewhat thin skeletal
                  | structure. (Dex +2, Stealth+) [potion of mutation]
  3459 | D:4      | Found a shadowy altar of Dithmenos.
  3459 | D:4      | Found an iron altar of Okawaru.
  3489 | D:4      | Gained mutation: You are mostly covered in sharp spines.
                  | [demonic ancestry]
  3489 | D:4      | Reached XP level 7. HP: 41/46 MP: 7/7
  3507 | D:4      | Found an ornate altar of the Wu Jian Council.
  4168 | D:5      | Entered Level 5 of the Dungeon
  4169 | D:5      | Noticed Dowan
  4327 | D:5      | Noticed Duvessa
  4352 | D:4      | Slain by Duvessa

Illustrated notes

Levels and vault maps discovered:
D:1:      lightli_arrival_isolated_outpost, layout_basic, serial_shops,
          nicolae_shop_tiny_glass, minmay_pentomino_t4
D:2:      layout_basic, grunt_decor_resistance, minmay_pentomino_pile,
          uniq_jessica
D:3:      layout_loops_ring, ebering_ghost_gozag, uniq_sigmund
D:4:      layout_gridville, nzn_wu_jian_council_hall,
          chequers_temple_overflow_statue_of_worship, serial_rivers,
          chequers_serial_rivers_micro_a, chequers_serial_rivers_marsh,
          chequers_serial_rivers_large_a, chequers_serial_rivers_room_a,
          chequers_serial_rivers_large_b
D:5:      layout_cave_pools, marbit_many_paths, minmay_liquid_box,
          minmay_manual_mess, uniq_duvessa

Skill      XL: |  1  2  3  4  5  6  7 |
---------------+----------------------+-----
Stealth        | 2 3 4 |  4.0
Staves         | 2 |  2.4
Dodging        | 2 3 |  3.3
Armour         | 2 3 |  3.3
Polearms       | 1 2 |  2.4
Evocations     | 5 |  5.4

Action                     |  1- 3 |  4- 6 |  7- 9 || total
---------------------------+-------+-------+-------++-------
  Melee: Quarterstaff      |   113 |     5 |       ||   118
         Trident           |       |   176 |    45 ||   221
         Dagger            |       |    23 |       ||    23
  Throw: Dart              |    32 |     3 |       ||    35
    Use: Scroll            |     4 |     5 |     2 ||    11
         Potion            |       |     7 |     2 ||     9
   Stab: Sleeping          |     4 |     1 |       ||     5
         Invisible         |     2 |       |       ||     2
 Armour: Leather armour    |    16 |       |       ||    16
         Scale mail        |    60 |    64 |    16 ||   140
         Skin              |       |    15 |       ||    15
  Dodge: Dodged            |    60 |    58 |    18 ||   136
  Block: Buckler           |       |   139 |    30 ||   169
         Other             |       |     1 |       ||     1
         Reflection        |       |     5 |     1 ||     6

Table legend: (Time is in decaauts)
 A = Elapsed time spent in this place.
 B = Non-inter-level travel time spent in this place.
 C = Inter-level travel time spent in this place.
 D = Time resting spent in this place.
 E = Time spent auto-exploring this place.
 F = Levels seen in this place.
 G = Mean time per level.
                   A        B        C        D        E       F      G
               +--------+--------+--------+--------+--------+-----+--------+
         Total |   4470 |   4269 |    201 |    214 |   2777 |   5 |  894.0 |
       Dungeon |   4470 |   4269 |    201 |    214 |   2777 |   5 |  894.0 |
               +--------+--------+--------+--------+--------+-----+--------+

Top non-repeatable levels by time:
     D:2: 1405 daAuts
     D:4: 1144 daAuts
     D:3: 952 daAuts
     D:1: 935 daAuts
     D:5: 32 daAuts
